 Dungeon Crawl Stone Soup version 0.30-a0-743-gbfdf073431 (webtiles) character file.

Game seed: 14830828093268508349

305 Ijustatesigmund the Conjurer (level 6, -5/32 HPs)
             Began as a Deep Elf Conjurer on Feb 7, 2023.
             Killed from afar by Edmund (12 damage)
             ... with a puff of flame
             ... on level 4 of the Dungeon.
             The game lasted 00:05:38 (4593 turns).

Ijustatesigmund the Conjurer (Deep Elf Conjurer)    Turns: 4593, Time: 00:05:39

Health: -5/32      AC:  4    Str:  4    XL:     6   Next: 16%
Magic:  8/17       EV: 13    Int: 25    God:
Gold:   140        SH:  0    Dex: 13    Spells: 14/17 levels left

rFire   . . .      SeeInvis .    c - +2 sling (heavy)
rCold   . . .      Faith    .    (no shield)
rNeg    . . .      Spirit   .    a - +0 robe
rPois   .          Reflect  .    r - +0 helmet
rElec   .          Harm     .    j - +0 cloak {Stlth+}
rCorr   .          Rampage  .    (no gloves)
Will    .....                    (no boots)
Stlth   +++                      (no amulet)
HPRegen 0.25/turn                (no ring)
MPRegen 0.15/turn                (no ring)

@: hasted, very quick
A: no striking features
a: no special abilities


You were on level 4 of the Dungeon.
You visited 2 branches of the dungeon, and saw 5 of its levels.

You collected 140 gold pieces.

Inventory:

Hand Weapons
 c - a +2 heavy sling (weapon)
 l - a +2 quarterstaff of chaos
Armour
 a - a +0 robe (worn)
 j - a +0 cloak of stealth (worn)
 r - a +0 helmet (worn)
Scrolls
 h - 2 scrolls of blinking {unknown}
 k - 2 scrolls of identify {unknown}
 n - 2 scrolls of amnesia {unknown}
 p - 2 scrolls of fear
 q - a scroll of immolation {unknown}
 s - 3 scrolls of poison
 t - a scroll of brand weapon {unknown}
Potions
 b - a potion of magic
 d - 2 potions of curing
 e - a potion of heal wounds {unknown}
 f - a potion of mutation {unknown}
 g - a potion of ambrosia {unknown}
 i - a potion of haste
 m - a potion of resistance {unknown}
 o - a potion of degeneration {unknown}


   Skills:
 + Level 1.7 Ranged Weapons
 - Level 3.1 Dodging
 - Level 2.4 Stealth
 + Level 6.1 Spellcasting
 + Level 6.3 Conjurations


You had 14 spell levels left.
You knew the following spells:

 Your Spells              Type           Power      Damage    Failure   Level
a - Magic Dart            Conj           100%       1d8       1%          1
b - Searing Ray           Conj           78%        2d7       1%          2

Your spell library contained the following spells:

 Spells                   Type           Power      Damage    Failure   Level
 Dazzling Flash           Conj/Hex       46%        N/A       6%          3
 Fulminant Prism          Conj/Hex       11%        3d9       21%         4
 Iskenderun's Mystic Bla  Conj/Tloc      23%        2d6       21%         4
 Ozocubu's Armour         Ice            7%         N/A       22%         3
 Metabolic Englaciation   Hex/Ice        3%         N/A       90%         5
 Simulacrum               Ice/Necr       3%         N/A       100%        6


Dungeon Overview and Level Annotations

Branches:
Dungeon (4/15)             Temple (1/1) D:4

Altars:
Dithmenos
Fedhas
Hepliaklqana
Nemelex Xobeh
Qazlal
Ru
Wu Jian
Yredelemnul
Zin

Annotations:
D:3 2 transporters
D:4 3 runed translucent doors, Edmund; Lavandula's ghost, novice HuMo


Message History

Edmund is lightly wounded. (Press . to maintain the ray.) Edmund hits you with a +3 flail of protection.
The searing ray hits Edmund!
Edmund is moderately wounded.
Edmund closely misses you.
The searing ray hits Edmund but does no damage.
Edmund is moderately wounded.
Edmund misses you.
The searing ray hits Edmund but does no damage.
Edmund is moderately wounded.
You finish channelling your searing ray.
Edmund gestures with his flail.
Edmund zaps a wand.
The puff of flame hits you!
Casting: Searing Ray (safe; 1% risk of failure)
Confirm with . or Enter, or press ? or * to list all spells.
Aiming: Searing Ray (safe; 1% risk of failure)
Press: ? - help, Shift-Dir - straight line, f/p - Edmund
Aim: Edmund, wielding a +3 flail of protection, wearing a +0 ring mail and carrying a wand of flame (11) (moderately wounded, 83% to hit)
The searing ray hits Edmund.
Edmund is moderately wounded. (Press . to maintain the ray.) Edmund closely misses you.
The searing ray hits Edmund but does no damage.
Edmund is moderately wounded.
Edmund hits you with a +3 flail of protection!
The searing ray misses Edmund.
Edmund gestures with his flail.
Edmund misses you.
The searing ray hits Edmund.
Edmund is heavily wounded.
You finish channelling your searing ray.
Edmund hits you with a +3 flail of protection!
* * * LOW HITPOINT WARNING * * *
It was a potion of curing.
You feel better.
Edmund hits you with a +3 flail of protection.
* * * LOW HITPOINT WARNING * * *
It was a potion of haste.
You feel yourself speed up.
Edmund zaps a wand.
The puff of flame hits you!
You die...

........#.......#...###.#
........+.....B.#...#...#
........+.....).#.....###
........+.....)g#...###
........#.......#...#
..).....#.......#...#
........#########..##
...................#
..†.............@..#
..........####.@####
.<..##...## #..
)......### #.†. .#.#.#...
..... ........# ...)##
..#........##)
.##.##....# #. ##... #.


You could see Edmund.

Vanquished Creatures
  A necrophage (D:4)
  Crazy Yiuf (D:2)
  2 orc priests
  Robin (D:3)
  6 adders
  A worm (D:2)
  2 dart slugs
  2 orcs (D:3)
  7 endoplasms
  A giant cockroach (D:2)
  13 goblins
  16 hobgoblins
  5 jackals
  3 quokkas
  5 ball pythons
  6 bats
  2 frilled lizards (D:1)
  3 kobolds
  3 rats
80 creatures vanquished.

Notes
Turn   | Place    | Note
-------+----------+-------------------------------------------
     0 | D:1      | Ijustatesigmund the Deep Elf Conjurer began the quest for
                  | the Orb.
     0 | D:1      | Reached XP level 1. HP: 10/10 MP: 6/6
   207 | D:1      | Reached XP level 2. HP: 11/15 MP: 1/8
   280 | D:1      | Learned a level 2 spell: Searing Ray
  1233 | D:2      | Reached XP level 3. HP: 19/19 MP: 5/10
  1547 | D:2      | Reached skill level 5 in Conjurations
  2053 | D:2      | Reached XP level 4. HP: 24/24 MP: 8/12
  2524 | D:2      | Found a runed translucent door.
  2525 | D:2      | Noticed Crazy Yiuf
  2533 | D:2      | Killed Crazy Yiuf
  2534 | D:2      | Reached skill level 5 in Spellcasting
  2603 | D:2      | Identified the +2 hammer of Greed {vamp, rElec Str-5 Dex+3
                  | Stlth+}
  2963 | D:3      | Found a shadowy altar of Dithmenos.
  2963 | D:3      | Found a glowing silver altar of Zin.
  2965 | D:3      | Noticed a kobold brigand
  2967 | D:3      | Found a transporter.
  3075 | D:3      | Noticed Robin
  3083 | D:3      | Reached XP level 5. HP: 22/28 MP: 7/14
  3089 | D:3      | Killed Robin
  3221 | D:3      | Found a basalt altar of Yredelemnul.
  3386 | D:3      | Found a faded altar of an unknown god.
  3847 | D:3      | Found a transporter.
  4177 | D:4      | Found a runed translucent gate.
  4180 | D:4      | Found a staircase to the Ecumenical Temple.
  4459 | D:4      | Reached skill level 1 in Ranged Weapons
  4459 | D:4      | Reached XP level 6. HP: 32/32 MP: 14/17
  4472 | Temple   | Entered the Ecumenical Temple
  4528 | D:4      | Found a runed translucent gate.
  4528 | D:4      | Found a runed translucent gate.
  4532 | D:4      | Noticed Lavandula's ghost (novice HuMo)
  4583 | D:4      | Noticed Edmund
  4593 | D:4      | Killed from afar by Edmund

Illustrated notes

Levels and vault maps discovered:
D:1:      dpeg_arrival_renting, layout_loops_ring, serial_forest,
          infiniplex_forest_corner_1, infiniplex_forest_clump_medium,
          infiniplex_forest_straight_2, infiniplex_forest_pool,
          infiniplex_forest_end_double, infiniplex_forest_side_room,
          infiniplex_forest_corner_1
D:2:      layout_loops_corners, dreamdust_princess_bridge,
          uniq_crazy_yiuf_cottage
D:3:      layout_basic, overflow_temple_1_default,
          gammafunk_temple_overflow_arena, shapermc_ecumenical_altar_ellora,
          uniq_robin
D:4:      layout_rooms, mainiacjoe_overflow_brackets, bloody_makhleb,
          minmay_temple_entry_proselytizer, serial_shops,
          nicolae_shop_waterfront, gammafunk_ghost_split, uniq_edmund,
          uniq_natasha, uniq_blork_the_orc
Temple:   hellmonk_temple_micro_hex

Skill      XL: |  1  2  3  4  5 |
---------------+----------------+-----
Dodging        | 3 |  3.1
Spellcasting   | 4 5 6 |  6.1
Conjurations   | 5 6 |  6.3
Ranged Weapons | 1 |  1.7
Stealth        | |  2.4

Action                     |  1- 3 |  4- 6 || total
---------------------------+-------+-------++-------
  Melee: Spear             |     2 |    13 ||    15
   Fire: Sling             |       |    15 ||    15
   Cast: Magic Dart        |    72 |    35 ||   107
         Searing Ray       |       |    10 ||    10
    Use: Scroll            |     3 |       ||     3
         Potion            |       |     2 ||     2
 Armour: Robe              |       |     5 ||     5
  Dodge: Dodged            |     1 |    27 ||    28

Table legend: (Time is in decaauts)
 A = Elapsed time spent in this place.
 B = Non-inter-level travel time spent in this place.
 C = Inter-level travel time spent in this place.
 D = Time resting spent in this place.
 E = Time spent auto-exploring this place.
 F = Levels seen in this place.
 G = Mean time per level.
                   A        B        C        D        E       F      G
               +--------+--------+--------+--------+--------+-----+--------+
         Total |   4613 |   4210 |    403 |    492 |   3303 |   5 |  922.6 |
       Dungeon |   4611 |   4208 |    403 |    492 |   3303 |   4 | 1152.8 |
        Temple |      1 |      1 |      0 |      0 |      0 |   1 |    1.0 |
               +--------+--------+--------+--------+--------+-----+--------+

Top non-repeatable levels by time:
     D:2: 1758 daAuts
     D:3: 1394 daAuts
     D:1: 1252 daAuts
     D:4: 205 daAuts
  Temple: 1 daAuts
